 Dungeon Crawl Stone Soup version 0.31-a0-426-g3a05650e59 (webtiles) character file.

Game seed: 12907249916256841846

344 Gelion the Changeling (level 6, 0/42 HPs)
             Began as an Octopode Shapeshifter on July 31, 2023.
             Slain by an orc
             ... wielding a +0 mace
              (1 damage)
             ... on level 6 of the Dungeon.
             The game lasted 00:05:01 (2122 turns).

Gelion the Changeling (Octopode Shapeshifter)       Turns: 2122, Time: 00:05:02

Health: 0/42       AC:  5    Str: 14    XL:     6   Next: 58%
Magic:  6/6        EV: 13    Int: 10    God:
Gold:   196        SH:  0    Dex: 15    Spells: 5/5 levels left

rFire   + .          .
                       - Unarmed
rCold   . . .        (no shield)
rNeg    . . .        (helmet currently unavailable)
rPois   .            (no amulet)
rElec   .            j - ring of protection from fire
rCorr   .            m - +4 ring of protection
SInv    .            g - ring of flight
Will    .....        (no ring)
Stlth   ++           (no ring)
HPRegen 0.27/turn    (no ring)
MPRegen 0.10/turn    (no ring)
                     (no ring)

%: no passive effects
@: beast-form, flying
A: beast (slay +3), almost no armour, amphibious, 8 rings, camouflage 1,
gelatinous body 1, (nimble swimmer 1), tentacles
a: Begin Untransformation


You were on level 6 of the Dungeon.
You were a hulking beast.
You visited 1 branch of the dungeon, and saw 5 of its levels.

You collected 196 gold pieces.

Inventory:

Jewellery
 g - a ring of flight (on tentacle)
 j - a ring of protection from fire (left tentacle)
 m - a +4 ring of protection (right tentacle)
Talismans
 b - a beast talisman (active)
 d - a storm talisman
Scrolls
 c - 2 scrolls of teleportation {unknown}
 h - a scroll of noise {unknown}
 i - a scroll of silence {unknown}
 k - a scroll of amnesia {unknown}
 l - 2 scrolls of revelation {unknown}
Potions
 a - a potion of lignification
 e - 3 potions of curing
 f - 2 potions of brilliance


   Skills:
 + Level 3.2 Fighting
 - Level 2.0 Dodging
 + Level 4.3 Unarmed Combat
 * Level 4.9 Shapeshifting


You had 5 spell levels left.
You didn't know any spells.
Your spell library was empty.

Dungeon Overview and Level Annotations

Branches:
Dungeon (6/15)
 Temple: D:4-7

Altars:
The Shining One

Shops:
D:6 =:*


Innate Abilities, Weirdness & Mutations

You are a hulking beast.
Your limbs bulge with bestial killing power. (Slay +3)
You cannot wear most types of armour.
You are amphibious.
You can wear up to eight rings at the same time.
Your skin changes colour to match your surroundings (Stealth+).
Your rubbery body absorbs attacks. (AC +1, EV +1)
((You are camouflaged when in or above water. (Stealth+)))
You have tentacles for arms and can constrict up to eight enemies at once.


Message History

The orc shouts!
You hear a shout!
An orc comes into view. It is wielding a +0 dagger.
An orc priest comes into view. It is wielding a +0 falchion.
An orc priest comes into view. It is wielding a +0 flail.
The orc priest shouts!
The orc shouts!
You hear a shout! x2
An orc comes into view. It is wielding a +0 mace.
A gnoll comes into view. It is wielding a +0 spear.
You hear a shout!
The orc priest mumbles some strange prayers to Beogh against you.
Beogh smites you! The orc hits you with a +0 club.
You tentacle-slap the orc but do no damage.
You grab the orc.
You constrict the orc, but do no damage.
The orc struggles to escape constriction.
You barely miss the orc. You tentacle-slap the orc. You squeeze the orc.
You kill the orc!
The orc priest invokes the aid of Beogh against you.
Beogh smites you!
* * * LOW HITPOINT WARNING * * *
A gnoll bouda comes into view. It is wielding a +0 club.
You tentacle-slap the orc. You grab the orc.
The orc is moderately wounded.
You constrict the orc.
The orc escapes!
You bludgeon the orc priest! Your grab misses the orc priest.
Your squeeze misses the orc priest.
The orc priest is heavily wounded.
A gnoll comes into view. It is wielding a +0 flail.
The orc misses you. The orc priest completely misses you.
You completely miss the orc priest.
The gnoll shouts!
You grab the orc priest.
The orc priest is heavily wounded.
You constrict the orc priest. The orc closely misses you.
The orc priest calls down the wrath of Beogh upon you.
Beogh smites you!
* * * LOW HITPOINT WARNING * * *
You tentacle-slap the orc priest. You squeeze the orc priest.
You kill the orc priest!
The orc hits you with a +0 mace.
You die...

..# # ... .##
#.. ####gg. ..
8.8g8# #.###
.⌠.⌠.#. ##...#
##8.∩.8..
#....##
#ooo.⌠.#
#.....#
#h8.8.8#
#...#.##
##.##..##
#...#..# ###..#
# #...##.#
#...## ###.##.#
###.### .. #
#.##.####...#
..# .
#.##....#.###
.# .> ####.
#..####.#.# ..
# #.###.∩Y.
##.##.....###.#
.. #.#...##


You could see a gnoll bouda, an orc priest, 2 gnolls and 2 orcs.

Vanquished Creatures
  A black bear (D:6)
  A bullfrog (D:6)
  A crimson imp (D:3)
  An orc priest (D:6)
  An iguana (D:3)
  An orc wizard (D:3)
  3 adders
  2 worms (D:2)
  A dart slug (D:3)
  6 orcs
  4 bats
  11 endoplasms
  2 giant cockroaches
  6 hobgoblins
  4 jackals
  5 quokkas
  2 ball pythons
  2 frilled lizards (D:2)
  A goblin skeleton (D:3)
  4 goblin zombies (D:3)
  2 hobgoblin zombies (D:6)
  4 kobolds
  A kobold skeleton (D:3)
  2 kobold zombies
  2 orc skeletons (D:3)
  An orc zombie (D:6)
  4 rats
75 creatures vanquished.

Notes
Turn   | Place    | Note
-------+----------+-------------------------------------------
     0 | D:1      | Gelion the Octopode Shapeshifter began the quest for the
                  | Orb.
     0 | D:1      | Reached XP level 1. HP: 13/13 MP: 1/1
   104 | D:1      | Reached XP level 2. HP: 18/18 MP: 2/2
   630 | D:1      | Reached XP level 3. HP: 23/23 MP: 3/3
   964 | D:2      | Found a faded altar of an unknown god.
  1090 | D:2      | Reached XP level 4. HP: 28/29 MP: 4/4
  1254 | D:3      | Identified the +7 hand axe "Aguduew" {flame, Str+2 Int+3
                  | Dex+4}
  1351 | D:3      | Reached XP level 5. HP: 28/35 MP: 5/5
  1411 | D:3      | Found a glowing golden altar of the Shining One.
  1560 | D:3      | You fall into a shaft and drop 3 floors!
  1603 | D:6      | Found Vyudeo's Book Boutique.
  1617 | D:6      | Found Qasiudi's Assorted Antiques.
  1617 | D:6      | Noticed an ice beast
  1683 | D:6      | Noticed an ice beast
  1767 | D:5      | Entered Level 5 of the Dungeon
  1775 | D:5      | Noticed a black bear
  1880 | D:6      | Noticed a black bear
  1884 | D:6      | Reached XP level 6. HP: 33/41 MP: 6/6
  1892 | D:6      | HP: 2/41 [black bear (7)]
  1893 | D:6      | Killed a black bear
  2109 | D:6      | Found Likoraeng's Jewellery Boutique.
  2121 | D:6      | HP: 1/42 [orc priest/divine providence (12)]
  2122 | D:6      | Slain by an orc

Illustrated notes

Levels and vault maps discovered:
D:1:      co_arrival_random_square_maze, layout_basic
D:2:      layout_rooms, dreamdust_ecumenical_altar_statues
D:3:      layout_rooms, nicolae_tso_besieged_by_evil
D:5:      layout_cave_pools
D:6:      layout_rooms, lemuel_temple_firewalk_b, serial_shops, shop, shop,
          nicolae_shop_temple_entry_statues_fountains, minmay_mini_ossuary

Skill      XL: |  1  2  3  4  5  6 |
---------------+-------------------+-----
Fighting       | 2 3 |  3.2
Shapeshifting  | 4 |  4.9
Unarmed Combat | 4 |  4.3
Dodging        | |  2.0

Action                     |  1- 3 |  4- 6 || total
---------------------------+-------+-------++-------
  Melee: Unarmed           |    72 |    73 ||   145
         Constrict         |    17 |    26 ||    43
         Tentacles         |    11 |    18 ||    29
         Punch             |     3 |     5 ||     8
    Use: Scroll            |       |     3 ||     3
         Potion            |       |     1 ||     1
   Stab: Sleeping          |     8 |     3 ||    11
 Armour: Skin              |     2 |     2 ||     4
  Dodge: Dodged            |    39 |    34 ||    73

Table legend: (Time is in decaauts)
 A = Elapsed time spent in this place.
 B = Non-inter-level travel time spent in this place.
 C = Inter-level travel time spent in this place.
 D = Time resting spent in this place.
 E = Time spent auto-exploring this place.
 F = Levels seen in this place.
 G = Mean time per level.
                   A        B        C        D        E       F      G
               +--------+--------+--------+--------+--------+-----+--------+
         Total |   2094 |   1928 |    166 |    183 |   1287 |   5 |  418.8 |
       Dungeon |   2094 |   1928 |    166 |    183 |   1287 |   5 |  418.8 |
               +--------+--------+--------+--------+--------+-----+--------+

Top non-repeatable levels by time:
     D:1: 677 daAuts
     D:6: 531 daAuts
     D:2: 515 daAuts
     D:3: 358 daAuts
     D:5: 11 daAuts
